[Event "Early-Titled-Tuesday-Blitz-March-26-2024"]
[Site "Chess.com"]
[Date "2024.03.26"]
[Round "8"]
[White "ajeale2"]
[Black "vladgoncharov"]
[Result "1-0"]
[WhiteElo "2448"]
[BlackElo "2588"]
[TimeControl "180+1"]
[EndTime "9:22:03 PDT"]
[Termination "ajeale2 won by resignation"]

1. e4 e6 2. d4 d5 3. Nd2 c5 4. exd5 Qxd5 5. Ngf3 cxd4 6. Bc4 Qd8 7. O-O Nc6 8. Nb3 Nf6 9. Nbxd4 Nxd4 10. Qxd4 Qxd4 11. Nxd4 a6 12. Be2 Bd6 13. Rd1 Bc7 14.
Bf3 O-O 15. Be3 Rb8 16. Nb3 e5 17. Ba7 Ra8 18. Bc5 Re8 19. Bd6 Bd8 20. Bxe5 Ng4 21. Bg3 Ne5 22. Bxe5 Be7 23. Re1 a5 24. Bd6 Be6 25.
Bxe7 Rxe7 26. Nc5 Rb8 27. Nxe6 fxe6 28. Bd5 Kf7 29. Bb3 b5 30. a3 a4 31. Ba2 Kf6 32. Re4 Rb6 33. Rae1 e5 34. f4 1-0

[Event "Early-Titled-Tuesday-Blitz-March-26-2024"]
[Site "Chess.com"]
[Date "2024.03.26"]
[Round "8"]
[White "ChristopherYoo"]
[Black "sokidze"]
[Result "1-0"]
[WhiteElo "2965"]
[BlackElo "2791"]
[TimeControl "180+1"]
[EndTime "9:22:15 PDT"]
[Termination "ChristopherYoo won by resignation"]

1. c4 e6 2. Nc3 d5 3. d4 a6 4.
cxd5 exd5 5. Nf3 Nf6 6. Bg5 Be6 7. Qb3 Nbd7 8. e3 b5 9. Qc2 h6 10. Bh4 c5 11. dxc5 Bxc5 12. Bd3 O-O 13. O-O Rc8 14. Qd1 Be7 15. Nd4 Ne5 16. Nce2 Nc4 17. b3 Nb2 18. Qb1 Nxd3 19. Qxd3 Qd7 20. Nf4 Ne4 21. Bxe7 Qxe7 22.
Ndxe6 fxe6 23. Ng6 Qg5 24. Nxf8 Rxf8 25. Rac1 Nf6 26.
Rc6 e5 27. Rxa6 e4 28. Qd4 Ng4 29. h3 Ne5 30. Qxd5+ Kh8 31. Qxe4 Nf3+ 32. Kh1 Nd2 33. Qb4 1-0

[Event "Early-Titled-Tuesday-Blitz-March-26-2024"]
[Site "Chess.com"]
[Date "2024.03.26"]
[Round "8"]
[White "maurovargas01"]
[Black "mary-sanna"]
[Result "0-1"]
[WhiteElo "1850"]
[BlackElo "2222"]
[TimeControl "180+1"]
[EndTime "9:22:29 PDT"]
[Termination "mary-sanna won by checkmate"]

1. e4 c5 2. Nc3 Nc6 3. f4 g6 4. Nf3 Bg7 5. d3 e6 6. g3 Nge7 7. Bg2 O-O 8. O-O d5 9. e5 Rb8 10. h3 b5 11. g4 b4 12. Ne2 a5 13.
Qe1 a4 14. Qh4 h6 15. f5 exf5 16. Bxh6 fxg4 17. hxg4 Qd7 18. Bxg7 Kxg7 19. Ng5 Rh8 20. Rxf7+ Kg8 21. Qf2 Bb7 22. e6 Qd6 23. Rf1 Qh2# 0-1

[Event "Early-Titled-Tuesday-Blitz-March-26-2024"]
[Site "Chess.com"]
[Date "2024.03.26"]
[Round "8"]
[White "dropstoneDP"]
[Black "Iball95"]
[Result "1-0"]
[WhiteElo "2997"]
[BlackElo "2883"]
[TimeControl "180+1"]
[EndTime "9:22:37 PDT"]
[Termination "dropstoneDP won by resignation"]

1. e4 c5 2. Nf3 e6 3. d4 cxd4 4.
Nxd4 Nf6 5. Nc3 Nc6 6. Ndb5 Bc5 7. Nd6+ Ke7 8. Bf4 e5 9. Nf5+ Kf8 10. Bg5 Bb4 11.
Qd3 d5 12. O-O-O Bxc3 13. Qxc3 Bxf5 14. exf5 h6 15. Qc5+ Qe7 16. Be3 d4 17. Qxe7+ Nxe7 18. Bd2 Nxf5 19. Bd3 e4 20. Bc4 Rc8 21. Bb3 d3 22.
Kb1 dxc2+ 23. Bxc2 Nd4 24. Bb4+ Kg8 25. Rxd4 Rxc2 26.
Rd8+ Kh7 27. Rxh8+ Kxh8 28. Kxc2 Nd5 29. Bd2 1-0

[Event "Early-Titled-Tuesday-Blitz-March-26-2024"]
[Site "Chess.com"]
[Date "2024.03.26"]
[Round "8"]
[White "FairChess_on_YouTube"]
[Black "Shield12"]
[Result "1/2-1/2"]
[WhiteElo "3130"]
[BlackElo "3000"]
[TimeControl "180+1"]
[EndTime "9:22:44 PDT"]
[Termination "Game drawn by agreement"]

1. Nf3 c5 2. c4 Nf6 3. Nc3 Nc6 4. e3 e6 5. d4 d5 6. a3 a6 7. dxc5 Bxc5 8. b4 Ba7 9. Ra2 dxc4 10. Qxd8+ Kxd8 11. Bxc4 b5 12. Be2 Bb7 13. O-O Ke7 14.
a4 Nxb4 15. Ba3 Bc5 16. Rb2 Nd3 17. Bxc5+ Nxc5 18. axb5 axb5 19. Rxb5 Rhc8 20. Rfb1 Ba6 21. Ra5 Bxe2 22. Rxa8 Rxa8 23. Nxe2 Nfe4 24. Nfd4 g6 25. f3 Nf6 26. e4 Nfd7 27. Nb3 Nxb3 28. Rxb3 Ra2 29.
Nc1 Rc2 30. Nd3 Nc5 31. Nxc5 Rxc5 32. h4 1/2-1/2

[Event "Early-Titled-Tuesday-Blitz-March-26-2024"]
[Site "Chess.com"]
[Date "2024.03.26"]
[Round "8"]
[White "Coach_Istvanovszki"]
[Black "ActorXu"]
[Result "1/2-1/2"]
[WhiteElo "2572"]
[BlackElo "2852"]
[TimeControl "180+1"]
[EndTime "9:22:44 PDT"]
[Termination "Game drawn by agreement"]

1. d4 Nf6 2. Nc3 d5 3. Bf4 e6 4.
Nb5 Bb4+ 5. c3 Ba5 6. a4 a6 7. b4 Bxb4 8. cxb4 axb5 9. axb5 Rxa1 10. Qxa1 Nh5 11. Be5 Nd7 12. Nf3 Nxe5 13. Nxe5 Nf6 14. e3 O-O 15. Bd3 Nd7 16. O-O Nxe5 17. dxe5 Bd7 18. Rc1 c6 19. bxc6 bxc6 20. Qa7 f6 21. b5 cxb5 22. Rc7 Rf7 23. Bxb5 Be8 24. Rxf7 Bxf7 25. exf6 gxf6 26. Qd7 Qxd7 27. Bxd7 e5 28.
f4 Kg7 29. Kf2 Kg6 30. g4 1/2-1/2

[Event "Early-Titled-Tuesday-Blitz-March-26-2024"]
[Site "Chess.com"]
[Date "2024.03.26"]
[Round "8"]
[White "Zavgorodniy_Sergiy"]
[Black "Levanzovsky"]
[Result "1-0"]
[WhiteElo "2634"]
[BlackElo "2422"]
[TimeControl "180+1"]
[EndTime "9:22:53 PDT"]
[Termination "Zavgorodniy_Sergiy won by resignation"]

1. d4 Nf6 2. c4 Nc6 3. Nf3 d6 4. g3 Bg4 5. Bg2 Qc8 6. Nc3 Bh3 7. Bxh3 Qxh3 8. d5 Nd8 9. Qa4+ Qd7 10. Qc2 e5 11.
dxe6 Nxe6 12. O-O g6 13. b3 Bg7 14. Bb2 O-O 15. Rac1 Nc5 16. Rfd1 Rfe8 17. Kg2 Re7 18. b4 Nce4 19. Nd5 Nxd5 20. cxd5 Bxb2 21. Qxb2 Rae8 22. Rc4 Nxf2 23. Kxf2 Rxe2+ 24. Qxe2 Rxe2+ 25. Kxe2 Qb5 26. Rd4 Qa6 27. Nd2 Qxa2 28. Rxc7 Qb2 29. Re4 Qa2 30. Ree7 Qxd5 31. Rxf7 Qxf7 32. Rxf7 Kxf7 33.
Kd3 Ke6 34. Kd4 a6 35. Nc4 b5 36. Ne3 1-0

[Event "Early-Titled-Tuesday-Blitz-March-26-2024"]
[Site "Chess.com"]
[Date "2024.03.26"]
[Round "8"]
[White "Zohid6"]
[Black "Hamisandwich"]
[Result "1-0"]
[WhiteElo "2908"]
[BlackElo "2710"]
[TimeControl "180+1"]
[EndTime "9:22:56 PDT"]
[Termination "Zohid6 won by resignation"]

1. e4 d6 2. d4 Nf6 3. Nc3 e5 4. Nf3 Nbd7 5. Bc4 Be7 6. dxe5 Nxe5 7. Nxe5 dxe5 8. O-O Qxd1 9. Rxd1 Bg4 10. f3 Bc5+ 11. Kf1 Bd7 12. Bg5 c6 13. Bxf7+ Ke7 14. Bb3 Be6 15. f4 Bxb3 16. axb3 h6 17. Bxf6+ gxf6 18. g3 exf4 19. gxf4 Rhg8 20. Ne2 Rad8 21. Ng3 Rxd1+ 22. Rxd1 Rg4 23. Ne2 Be3 24. h3 Rh4 25. Kg2 Bxf4 26.
Nd4 Rh5 27. Nf5+ Kf7 28. h4 1-0

[Event "Early-Titled-Tuesday-Blitz-March-26-2024"]
[Site "Chess.com"]
[Date "2024.03.26"]
[Round "8"]
[White "amanjazu"]
[Black "dealshark"]
[Result "1-0"]
[WhiteElo "2528"]
[BlackElo "2289"]
[TimeControl "180+1"]
[EndTime "9:23:00 PDT"]
[Termination "amanjazu won by resignation"]

1. e4 c5 2. d4 cxd4 3. c3 d5 4.
Qxd4 Nc6 5. Qxd5 Nf6 6. Qxd8+ Kxd8 7. f3 e5 8. Bg5 Bc5 9. Nd2 Be6 10. O-O-O Kc7 11.
Bc4 h6 12. Bxf6 gxf6 13. Bxe6 fxe6 14. Kc2 h5 15. Ne2 h4 16. b4 Bb6 17. Nc4 h3 18. g3 a5 19. b5 Na7 20. a4 Bc5 21. f4 exf4 22. Nxf4 Rae8 23. Rhf1 b6 24. Ng6 Rh6 25. Rxf6 Be7 26. Rxe6 Nc8 27. Nf4 Rxe6 28.
Nxe6+ Kb7 29. Rd7+ Kb8 30. Nc7 Rf8 31. Na6+ Ka8 32.
Nc7+ Kb8 33. Na6+ Ka8 34. Kb3 Rf2 35. Rc7 Rf8 36. Rxc8+ 1-0

[Event "Early-Titled-Tuesday-Blitz-March-26-2024"]
[Site "Chess.com"]
[Date "2024.03.26"]
[Round "8"]
[White "Felix-Rose"]
[Black "Chess_Gainz"]
[Result "1-0"]
[WhiteElo "2252"]
[BlackElo "2541"]
[TimeControl "180+1"]
[EndTime "9:23:01 PDT"]
[Termination "Felix-Rose won by resignation"]

1. e4 d6 2. d4 Nf6 3. Nc3 Nbd7 4. g4 h6 5. Bg2 e5 6. Nge2 Nxg4 7. f4 Qh4+ 8. Ng3 Nxh2 9. Ne2 exf4 10. Bxf4 g5 11. Be3 Nf6 12. Bf2 Nfg4 13. Qd2 Nxf2 14. Kxf2 Bg7 15.
Rxh2 Qg4 16. Bh3 Qxh3 17. Rxh3 Bxh3 18. Rh1 Bg4 19. Nf5 Bxf5 20. exf5 O-O-O 21. Qd3 Kb8 22. c3 h5 23. Ng3 h4 24. Ne4 Bh6 25. d5 Rde8 26. Nf6 Re7 27. Ng4 Bf8 28. f6 Re8 29.
Qb5 Rd8 30. Re1 h3 31. Re8 Bh6 32. Rxd8+ Rxd8 1-0

[Event "Early-Titled-Tuesday-Blitz-March-26-2024"]
[Site "Chess.com"]
[Date "2024.03.26"]
[Round "8"]
[White "LeoWin2012"]
[Black "Iskusnyh"]
[Result "0-1"]
[WhiteElo "2293"]
[BlackElo "2614"]
[TimeControl "180+1"]
[EndTime "9:23:04 PDT"]
[Termination "Iskusnyh won by resignation"]

1. b3 e5 2. Bb2 Nc6 3. e3 d6 4. Bb5 Ne7 5. Ne2 a6 6. Bd3 g6 7.
c4 Bg7 8. Bc2 O-O 9. d4 Nf5 10.
d5 Nb4 11. O-O Nh4 12. Nd2 Nxc2 13. Qxc2 f5 14. Ng3 Qg5 15. Kh1 f4 16. Nde4 Qh6 17. exf4 exf4 18. Bxg7 Qxg7 19. Ne2 f3 20. gxf3 Nxf3 21.
Ng1 Bg4 22. Ng3 Qh6 23. h3 Bxh3 24. Nxf3 Bf5+ 25. Nh2 0-1

[Event "Early-Titled-Tuesday-Blitz-March-26-2024"]
[Site "Chess.com"]
[Date "2024.03.26"]
[Round "8"]
[White "Byniolus"]
[Black "PolandHussars"]
[Result "0-1"]
[WhiteElo "2724"]
[BlackElo "2563"]
[TimeControl "180+1"]
[EndTime "9:23:06 PDT"]
[Termination "PolandHussars won by resignation"]

1. e3 a6 2. d3 h6 3. f3 b6 4. g3 g6 5. h3 c6 6. c3 f6 7. b3 d6 8. a3 e6 9. Ne2 Ne7 10. Bg2 Nd7 11. Bb2 Bb7 12. Nd2 Bg7 13. c4 e5 14. f4 Nf5 15. Kf2 Nc5 16. Qc2 O-O 17.
d4 Nd7 18. e4 Nxd4 19. Nxd4 exd4 20. Bxd4 Nc5 21. Rad1 Qc7 22. Rhe1 Rae8 23. Bb2 f5 24.
Bxg7 Qxg7 25. exf5 Qd4+ 26. Kf1 Nd3 27. Nf3 Nxe1 28.
Nxd4 Nxc2 29. Nxc2 gxf5 30. Rxd6 Rd8 31. Rxh6 Rfe8 32.
Nb4 Rd1+ 33. Kf2 Rd2+ 34. Kf1 Ree2 35. Bxc6 Bxc6 36. Rxc6 Rh2 37. Kg1 Rdg2+ 38. Kf1 Rb2 39. Kg1 Rhd2 0-1

[Event "Early-Titled-Tuesday-Blitz-March-26-2024"]
[Site "Chess.com"]
[Date "2024.03.26"]
[Round "8"]
[White "ural58"]
[Black "mishanick"]
[Result "0-1"]
[WhiteElo "2481"]
[BlackElo "3064"]
[TimeControl "180+1"]
[EndTime "9:23:08 PDT"]
[Termination "mishanick won by resignation"]

1. e4 c5 2. b3 d6 3. Bb2 Nc6 4.
f4 Nf6 5. Qf3 Nd4 6. Qd3 e5 7. Nf3 Be7 8. fxe5 dxe5 9. Nxe5 O-O 10.
Nf3 Re8 11. Nxd4 cxd4 12. Qxd4 Qc7 13. Nc3 Bc5 14. Qd3 Bg4 15. Be2 Rad8 16. Qg3 Bd6 17. Qe3 Bf4 18. Nb5 Qb8 19. Qxa7 Bxd2+ 20. Kf1 Bxe2+ 21.
Kxe2 Rxe4+ 22. Kf1 Rf4+ 23. Ke2 Re4+ 24. Kf1 Qf4+ 25.
Qf2 Ng4 26. Qf3 Rde8 0-1

[Event "Early-Titled-Tuesday-Blitz-March-26-2024"]
[Site "Chess.com"]
[Date "2024.03.26"]
[Round "8"]
[White "AlexeiShirov"]
[Black "masnyszachistaaa"]
[Result "1-0"]
[WhiteElo "2851"]
[BlackElo "2596"]
[TimeControl "180+1"]
[EndTime "9:23:14 PDT"]
[Termination "AlexeiShirov won by resignation"]

1. e4 c5 2. Nf3 d6 3. d4 cxd4 4.
Nxd4 Nf6 5. Nc3 a6 6. Be3 e5 7.
Nb3 Be6 8. f3 h5 9. Nd5 Bxd5 10.
exd5 g6 11. Qd2 Nbd7 12. Na5 Qc7 13. a4 Rc8 14. Nc4 h4 15. a5 Nh5 16. O-O-O Nc5 17.
Kb1 Bg7 18. Nb6 Rd8 19. Qc3 O-O 20. b4 Ne6 21. Qxc7 Nxc7 22. c4 f5 23. Kc2 Rf7 24.
Kb3 Bf6 25. c5 Be7 26. Bc4 f4 27. Bf2 Ng7 28. c6 Rb8 29. Nd7 Rd8 30. cxb7 Bg5 31. b8=Q 1-0

[Event "Early-Titled-Tuesday-Blitz-March-26-2024"]
[Site "Chess.com"]
[Date "2024.03.26"]
[Round "8"]
[White "AlmasRakhmatullaev"]
[Black "DreamsAreFake"]
[Result "1-0"]
[WhiteElo "2914"]
[BlackElo "2756"]
[TimeControl "180+1"]
[EndTime "9:23:17 PDT"]
[Termination "AlmasRakhmatullaev won by resignation"]

1. e4 c6 2. Qe2 e5 3. Nf3 d6 4. d4 Nd7 5. Nc3 Ngf6 6. Bg5 Be7 7. O-O-O Qc7 8. h3 Nf8 9. Bh4 Ng6 10. Bg3 Nh5 11. Bh2 Nhf4 12. Qe1 O-O 13. Kb1 b5 14.
g3 Nxh3 15. Qe3 h6 16. Ne2 a5 17. Nh4 Nxh4 18. gxh4 Nf4 19. Nxf4 exf4 20. Bxf4 Kh8 21. Bxh6 Rg8 22. Rg1 Bf6 23. Bd3 Qe7 24. Rg3 Be6 25.
Rdg1 g6 26. e5 dxe5 27. dxe5 Bg7 28. h5 gxh5 29. Bxg7+ 1-0

[Event "Early-Titled-Tuesday-Blitz-March-26-2024"]
[Site "Chess.com"]
[Date "2024.03.26"]
[Round "8"]
[White "Kate1606"]
[Black "copanchess"]
[Result "1-0"]
[WhiteElo "2110"]
[BlackElo "2088"]
[TimeControl "180+1"]
[EndTime "9:23:20 PDT"]
[Termination "Kate1606 won by resignation"]

1. e4 e5 2. Nf3 Nc6 3. d4 exd4 4. Bc4 Nf6 5. e5 d5 6. Bb5 Ne4 7. Nxd4 Bc5 8. Be3 O-O 9. Nxc6 bxc6 10. Bxc5 Nxc5 11. Bxc6 Rb8 12. Qxd5 Qe7 13. O-O Rd8 14. Qf3 Qxe5 15. Na3 Qxb2 16. Rab1 Bg4 17. Rxb2 Bxf3 18. Rxb8 Rxb8 19. Bxf3 Rb2 20. Rb1 Rxb1+ 21. Nxb1 g5 22. h3 f5 23. Nc3 Kg7 24. Nb5 1-0

[Event "Early-Titled-Tuesday-Blitz-March-26-2024"]
[Site "Chess.com"]
[Date "2024.03.26"]
[Round "8"]
[White "Igor_Lysyj"]
[Black "Msb2"]
[Result "0-1"]
[WhiteElo "2855"]
[BlackElo "3044"]
[TimeControl "180+1"]
[EndTime "9:23:24 PDT"]
[Termination "Msb2 won by resignation"]

1. d4 d5 2. c4 e6 3. Nf3 Nf6 4.
g3 Nc6 5. Bg2 Bd6 6. O-O O-O 7.
Nbd2 a5 8. b3 a4 9. Bb2 a3 10.
Bc3 Bb4 11. Qc2 Bxc3 12. Qxc3 Ne4 13. Qe3 f5 14. Rfc1 Qf6 15. cxd5 exd5 16. b4 Nxb4 17.
Rxc7 Qd6 18. Qf4 Qxf4 19. gxf4 Rf7 20. Rcc1 Rf6 21. Nb3 Rc6 22. Rxc6 bxc6 23. Ne1 Ba6 24. Bxe4 fxe4 25. e3 Bc4 26. Nd2 Bxa2 27. f3 exf3 28. Kf2 Bc4 29. Kxf3 a2 0-1

[Event "Early-Titled-Tuesday-Blitz-March-26-2024"]
[Site "Chess.com"]
[Date "2024.03.26"]
[Round "8"]
[White "Gabrielian_Artur"]
[Black "jefferyx"]
[Result "0-1"]
[WhiteElo "2815"]
[BlackElo "3098"]
[TimeControl "180+1"]
[EndTime "9:23:26 PDT"]
[Termination "jefferyx won on time"]

1. e4 c5 2. Nf3 d6 3. d4 cxd4 4. Nxd4 Nf6 5. Nc3 a6 6. Bc4 e6 7. Be3 Qc7 8. Bb3 Nc6 9. f3 Na5 10. Qd2 Nc4 11. Bxc4 Qxc4 12. O-O-O h5 13. Kb1 Bd7 14.
Nb3 Rc8 15. Bf4 b5 16. a3 e5 17. Bg5 Be6 18. h4 Nd7 19. Rhe1 Nb6 20. f4 f6 21. f5 Bf7 22. Be3 Na4 23. Nd5 Qxe4 24. Bg1 Qxf5 25.
Nd4 Qh7 26. Nf3 Bxd5 0-1

[Event "Early-Titled-Tuesday-Blitz-March-26-2024"]
[Site "Chess.com"]
[Date "2024.03.26"]
[Round "8"]
[White "kritipatel"]
[Black "AlainBruxelles"]
[Result "0-1"]
[WhiteElo "2196"]
[BlackElo "2382"]
[TimeControl "180+1"]
[EndTime "9:23:30 PDT"]
[Termination "AlainBruxelles won by resignation"]

1. e4 c6 2. d4 d5 3. exd5 cxd5 4. Bd3 Nc6 5. c3 Nf6 6. Bf4 Qb6 7. Qb3 Qxb3 8.
axb3 Nh5 9. Be3 g6 10. Nd2 Bg7 11. Ngf3 O-O 12. O-O a6 13. c4 Nb4 14. Be2 Nc2 15.
Ra5 b6 16. Rxd5 Be6 17. Rxh5 gxh5 18. Ng5 Bf5 19. Bxh5 Nxd4 20. g4 Bg6 21. Bxg6 hxg6 22. f4 Rfd8 23. f5 Nc2 24. Bf4 Bd4+ 25. Kg2 Ne3+ 26.
Bxe3 Bxe3 27. Nde4 Bxg5 28. Nxg5 Rd2+ 29. Kg3 f6 30.
Ne4 Rxb2 31. fxg6 Rxb3+ 32. Kh4 Kg7 33. g5 Rh8+ 34. Kg4 Rbh3 35. gxf6+ exf6 36. Kf5 R3h5+ 37. Ke6 Re5+ 0-1

[Event "Early-Titled-Tuesday-Blitz-March-26-2024"]
[Site "Chess.com"]
[Date "2024.03.26"]
[Round "8"]
[White "Zampronha1971"]
[Black "JosefineHeinemann"]
[Result "0-1"]
[WhiteElo "2359"]
[BlackElo "2517"]
[TimeControl "180+1"]
[EndTime "9:23:37 PDT"]
[Termination "JosefineHeinemann won by checkmate"]

1. e4 c5 2. Nf3 d6 3. d4 cxd4 4. Nxd4 Nf6 5. Nc3 a6 6. Bg5 e6 7.
f4 h6 8. Bh4 Nbd7 9. Qe2 e5 10.
fxe5 dxe5 11. Nf5 Nb6 12. Bxf6 Qxf6 13. O-O-O Bb4 14. Qe3 O-O 15. g4 Bxc3 16. Qxc3 Bxf5 17. gxf5 Rac8 18. Qe3 Rc6 19. Kb1 Rfc8 20. Bd3 Nc4 21. Bxc4 Rxc4 22. Rd2 b5 23. Rg1 b4 24. b3 Rc3 25.
Qa7 R3c7 26. Qe3 a5 27. Rdg2 Kf8 28. Qg3 Ke7 29. Qe3 a4 30. Rxg7 Rxc2 31. Qa7+ R2c7 32. Qxa4 Qd6 33. R7g2 Qd3+ 34. Ka1 Rc1+ 35. Rxc1 Rxc1+ 36. Kb2 Qb1# 0-1

[Event "Early-Titled-Tuesday-Blitz-March-26-2024"]
[Site "Chess.com"]
[Date "2024.03.26"]
[Round "8"]
[White "flawian2008"]
[Black "Shahdad2007"]
[Result "0-1"]
[WhiteElo "2418"]
[BlackElo "2632"]
[TimeControl "180+1"]
[EndTime "9:23:42 PDT"]
[Termination "Shahdad2007 won by checkmate"]

1. e4 c5 2. Nf3 d6 3. d4 cxd4 4. Nxd4 Nf6 5. f3 g6 6. c4 Bg7 7.
Nc3 Nc6 8. Be3 Bd7 9. Be2 O-O 10. Nc2 Rc8 11. Rc1 a6 12. O-O Re8 13. Qd2 Qa5 14. b3 Nh5 15. Nd5 Qxa2 16. g4 Nf6 17.
Ra1 Qb2 18. Rfb1 Qe5 19. Bf4 Nxe4 20. fxe4 Qxe4 21. Bd3 Qf3 22. Be2 Qe4 23. Ra2 Nd4 24. Nxd4 Bxd4+ 25. Be3 Qxb1+ 26. Kg2 Bxe3 27. Nxe3 Bc6+ 28.
Kh3 Qxb3 29. Rb2 Qa3 30. Qd4 Qc5 31. Qf4 Qe5 32. Qxe5 dxe5 33. Nd5 Bxd5 34. cxd5 Rc7 35. g5 Rd8 36. Bf3 b5 37. Ra2 Ra7 38. Rc2 a5 39. Kg4 a4 40. h4 a3 41. h5 gxh5+ 42. Kxh5 a2 43. g6 hxg6+ 44. Kh6 a1=Q 45. d6 Qd4 46. Rh2 Qf4# 0-1

[Event "Early-Titled-Tuesday-Blitz-March-26-2024"]
[Site "Chess.com"]
[Date "2024.03.26"]
[Round "8"]
[White "Tolya2"]
[Black "KnightmareJoker"]
[Result "1-0"]
[WhiteElo "2490"]
[BlackElo "2308"]
[TimeControl "180+1"]
[EndTime "9:23:42 PDT"]
[Termination "Tolya2 won by resignation"]

1. Nf3 d5 2. d4 Nf6 3. c4 e6 4. g3 Be7 5. Bg2 O-O 6. O-O dxc4 7. Qc2 a6 8. a4 Bd7 9. Qxc4 Bc6 10. Bg5 h6 11. Bxf6 Bxf6 12. Rd1 a5 13. Nc3 Na6 14. e4 Nb4 15. Rac1 Bg5 16. Nxg5 Qxg5 17. d5 exd5 18.
exd5 Bd7 19. Ne4 Qg6 20. Qxc7 Bxa4 21. Rd2 Qg4 22. h3 Qf5 23. g4 Qg6 24. Qxb7 Rab8 25.
Qc7 Qa6 26. Nc5 Qb5 27. Bf1 Qe8 28. d6 Rc8 29. Qxa5 Qc6 30. Qxb4 Rb8 31. Qxa4 1-0

[Event "Early-Titled-Tuesday-Blitz-March-26-2024"]
[Site "Chess.com"]
[Date "2024.03.26"]
[Round "8"]
[White "agvania123"]
[Black "Payyappat"]
[Result "1-0"]
[WhiteElo "2428"]
[BlackElo "2524"]
[TimeControl "180+1"]
[EndTime "9:23:48 PDT"]
[Termination "agvania123 won by resignation"]

1. e4 c6 2. Nf3 d5 3. Nc3 dxe4 4.
Nxe4 Nf6 5. Qe2 Nxe4 6. Qxe4 Nd7 7. Bc4 Nf6 8. Ne5 e6 9. Qe2 b5 10. Bb3 Qc7 11. d4 Bd6 12. c3 Bb7 13. Bf4 O-O-O 14.
a4 a6 15. axb5 cxb5 16. O-O Nd7 17. Rfe1 Nxe5 18. Bxe5 Bxe5 19. Qxe5 Qxe5 20. Rxe5 Kc7 21. c4 Rxd4 22. cxb5 Rb4 23. bxa6 Rxb3 24. axb7 Rxb2 25.
Rc1+ Kxb7 26. Rec5 Kb8 27. g3 Rd8 28. Kg2 Rdd2 29.
Rc8+ Kb7 30. R1c7+ Kb6 31. Rxf7 Ra2 32. Re8 Re2 33.
Rg8 e5 34. Rgxg7 e4 35. Rf6+ Kc5 36. Rg5+ Kd4 37. Rf4 Kc3 38. Rc5+ Kd3 39. Rd5+ Kc3 40. Re5 e3 41. Rc5+ Kd2 42. Rd4+ 1-0

[Event "Early-Titled-Tuesday-Blitz-March-26-2024"]
[Site "Chess.com"]
[Date "2024.03.26"]
[Round "8"]
[White "jakopogi"]
[Black "Kostya0705"]
[Result "0-1"]
[WhiteElo "2788"]
[BlackElo "2594"]
[TimeControl "180+1"]
[EndTime "9:23:49 PDT"]
[Termination "Kostya0705 won by resignation"]

1. e4 c5 2. Nc3 Nc6 3. g3 e6 4. Bg2 g6 5. Nge2 Bg7 6. O-O a6 7. a4 Nge7 8. d3 d5 9. exd5 exd5 10. Nf4 d4 11. Ne4 b6 12. a5 Nxa5 13. Nf6+ Bxf6 14. Bxa8 O-O 15. Bd2 Nac6 16. Qf3 Bd7 17. Nd5 Nxd5 18. Qxd5 Qxa8 19. Qxd7 Ne5 20. Qd6 Nf3+ 21. Kh1 Be5 22. Qxb6 Nxd2+ 23. f3 Nxf1 24. Rxf1 Qc8 25. Re1 Re8 26.
Kg2 h5 27. Qa5 h4 28. Qa4 h3+ 29. Kf1 Re6 30. Re4 Bg7 31. Qc4 Rxe4 32. dxe4 Qb7 33.
Qxc5 Qxb2 34. Qc8+ Bf8 35. Qxa6 Qc1+ 36. Kf2 Qxc2+ 37.
Qe2 d3 0-1

[Event "Early-Titled-Tuesday-Blitz-March-26-2024"]
[Site "Chess.com"]
[Date "2024.03.26"]
[Round "8"]
[White "atalz0"]
[Black "nikitakhoroshev"]
[Result "1-0"]
[WhiteElo "2379"]
[BlackElo "2625"]
[TimeControl "180+1"]
[EndTime "9:23:49 PDT"]
[Termination "atalz0 won by resignation"]

1. d4 Nf6 2. c4 c5 3. d5 b5 4. cxb5 a6 5. f3 g6 6. e4 d6 7. a4 Bg7 8. Na3 O-O 9. Ne2 Nbd7 10. Nc3 Nb6 11. Be2 axb5 12. Naxb5 Ne8 13. O-O f5 14.
exf5 Bxf5 15. Bg5 Nf6 16. Re1 h6 17. Bh4 Nbd7 18. f4 Ne4 19. Bg4 Ndf6 20. Bxf6 Nxf6 21. Bxf5 gxf5 22. Qe2 Rf7 23. Qe6 Qc8 24. a5 Qxe6 25. dxe6 Rff8 26. a6 Rfc8 27. Red1 Ne4 28. a7 Nxc3 29.
bxc3 c4 30. Rd5 Rc5 31. Rxc5 dxc5 32. Nc7 Bxc3 33. Nxa8 Bxa1 34. Nb6 Bd4+ 35. Kf1 c3 36. a8=Q+ 1-0

[Event "Early-Titled-Tuesday-Blitz-March-26-2024"]
[Site "Chess.com"]
[Date "2024.03.26"]
[Round "8"]
[White "Firouzja2003"]
[Black "Rsnr"]
[Result "1-0"]
[WhiteElo "3098"]
[BlackElo "2936"]
[TimeControl "180+1"]
[EndTime "9:23:51 PDT"]
[Termination "Firouzja2003 won by resignation"]

1. e4 c6 2. d4 d5 3. e5 Bf5 4. h4 h5 5. Bd3 Bxd3 6. Qxd3 Qa5+ 7. b4 Qxb4+ 8. Nd2 e6 9. Rb1 Qe7 10. Ne2 b5 11. a4 a6 12. Nf3 Nh6 13. O-O Nf5 14. Bg5 Qa3 15. Nc3 c5 16. Ra1 Qb4 17. Nxd5 exd5 18. Qxf5 Nc6 19. e6 Be7 20. exf7+ Kf8 21.
Qxd5 Rc8 22. Qd7 Rd8 23. Qxc6 cxd4 24. axb5 Qxb5 25. Bxe7+ Kxe7 26. Rfe1+ Kxf7 27. Qe6+ Kf8 28. Qe7+ 1-0

[Event "Early-Titled-Tuesday-Blitz-March-26-2024"]
[Site "Chess.com"]
[Date "2024.03.26"]
[Round "8"]
[White "Lucky_Puncher"]
[Black "GeorgiosSouleidis"]
[Result "1-0"]
[WhiteElo "2481"]
[BlackElo "2596"]
[TimeControl "180+1"]
[EndTime "9:23:52 PDT"]
[Termination "Lucky_Puncher won on time"]

1. d4 Nf6 2. c4 g6 3. Nc3 Bg7 4.
e4 d6 5. h3 O-O 6. Be3 Nbd7 7. Nf3 c5 8. e5 dxe5 9. dxe5 Ne8 10.
Be2 b6 11. O-O Bb7 12. e6 fxe6 13. Ng5 Nc7 14. Nb5 Rf6 15. Bg4 Nxb5 16. Nxe6 Qb8 17.
Qxd7 Nd6 18. Nxg7 Kxg7 19. Qxe7+ Rf7 20. Qe5+ Kg8 21. Be6 Qf8 22. Rad1 Nf5 23. Rd7 1-0

[Event "Early-Titled-Tuesday-Blitz-March-26-2024"]
[Site "Chess.com"]
[Date "2024.03.26"]
[Round "8"]
[White "ACollins05"]
[Black "djano"]
[Result "0-1"]
[WhiteElo "2514"]
[BlackElo "2663"]
[TimeControl "180+1"]
[EndTime "9:23:55 PDT"]
[Termination "djano won by checkmate"]

1. Nf3 c5 2. e3 g6 3. b3 Bg7 4. d4 Nf6 5. Bb2 O-O 6. Be2 b6 7. O-O Bb7 8. c4 cxd4 9. Nxd4 d5 10. Nc3 e6 11. Bf3 e5 12. Nc2 e4 13. Be2 dxc4 14. Bxc4 Nc6 15. Qxd8 Rfxd8 16. Rad1 Ne5 17. Be2 Nd3 18.
Bxd3 Rxd3 19. Nb4 Rxd1 20. Rxd1 Rc8 21. Nb5 a5 22. Nc2 Rxc2 23. Rd8+ Bf8 24. Ba3 Rc8 25. Rxc8 Bxc8 26. Bb2 Nd5 27. Nd4 Nb4 28. a3 Nd3 29. Bc3 Bxa3 30. Kf1 Ba6 31. Ke2 Nf4+ 32. Kd2 Nxg2 33.
Kc2 Nh4 34. Kb1 Nf3 35. Ka2 Bb4 36. Bb2 Nxh2 37. Nc6 Ng4 38. Be5 Bb7 39. Nxb4 Nxe5 40.
Nc2 Nd3 41. Nd4 Nxf2 42. Nb5 h5 43. Nd6 Bc6 44. Ne8 Bxe8 45. b4 h4 46. bxa5 bxa5 47. Kb2 h3 48. Ka2 h2 49. Kb2 h1=Q 50. Ka2 f5 51.
Kb2 f4 52. Ka2 Qc1 53. Kb3 Qc5 54. Ka2 Qb4 55. Ka1 Nd1 56. Ka2 Nc3+ 57. Ka1 Qb1# 0-1

[Event "Early-Titled-Tuesday-Blitz-March-26-2024"]
[Site "Chess.com"]
[Date "2024.03.26"]
[Round "8"]
[White "HajiyevKanan"]
[Black "amylazy"]
[Result "1-0"]
[WhiteElo "2540"]
[BlackElo "2416"]
[TimeControl "180+1"]
[EndTime "9:23:56 PDT"]
[Termination "HajiyevKanan won by resignation"]

1. d4 Nf6 2. Nf3 g6 3. c4 Bg7 4. g3 O-O 5. Bg2 c6 6. O-O d5 7. b3 dxc4 8. bxc4 Be6 9. Nbd2 Na6 10. Rb1 Qc8 11. Qc2 Rb8 12. Ba3 Re8 13. Ng5 Bd7 14. e4 h6 15. Ngf3 Bh3 16. e5 Nh5 17. Rfe1 Bxg2 18. Kxg2 Qg4 19. Re4 Qf5 20. g4 Nf4+ 21.
Kh1 Qxg4 22. Rg1 Qf5 23. Nh4 Qh5 24. Rxf4 g5 25. Rfg4 Kh8 26. Nf5 Bf8 27. f4 e6 28. Nd6 Bxd6 29. Bxd6 Rbd8 30. fxg5 Rg8 31. Ne4 Qh3 32. Qg2 Qe3 33. Nf6 Rg6 34. gxh6 Rxd6 35. exd6 1-0